Warning! The script has encountered some errors when parsing the replay. Please report them to the . » details
0x00, prev: 0x00: 16 02 01 00 20 3C 00 00 54 36 01 00 00 00 00 00 00 00 00 00 00 00 00 00 00 00 00 00 00 00 00 00 00 00 00 00 [00] 00
0x00, prev: 0x16: 16 02 01 00 20 3C 00 00 54 36 01 00 [00] 00 00 00 00 00 00 00 00 00 00 00 00 00 00 00 00 00 00 00 00 00 00 00 00 00
0x00, prev: 0x01: 16 02 01 00 C9 40 00 00 1C 34 01 00 00 00 00 00 00 00 00 00 00 00 00 00 00 00 00 00 00 00 00 00 00 00 00 00 01 [00]
General information
- name: BNet
- type: Ladder 1vs1/FFA
- host: Battle.net
- saver: brucewillisusa
map: TurtleRock
- players: 2
- length: 23:22
- speed: Fast
- version: 1.23 W3XP
- replay type: Public
» download(41 KB)
Players
team 1 (winner)
team 2 (loser)
RattBaztard (
purple | 36 APM | 545 actions | 15:05)
2 Blademaster
1 Wind Walk
1 Mirror Image
» actions
| Assign group hotkey | 5 | |
| Basic commands | 1 | |
| Build / train | 37 | |
| Enter build submenu | 17 | |
| Enter hero's abilities submenu | 2 | |
| Give item / drop item | 4 | |
| Right click | 185 | |
| Select / deselect | 143 | |
| Select group hotkey | 107 | |
| Use ability | 44 | |
545 total
» units
| Peon | 10 | |
| Troll Witch Doctor | 2 | |
12 total
» upgrades
| Armor | 1 | |
| Ranged Weapons | 1 | |
| Shaman Training | 2 | |
| Witch Doctor Training | 2 | |
| Melee Weapons | 1 | |
| Ensnare | 1 | |
| War Drums Damage Increase | 1 | |
| Liquid Fire | 1 | |
10 total
» buildings
| Altar of Storms | 1 | |
| Orc Burrow | 4 | |
| War Mill | 1 | |
| Voodoo Lounge | 1 | |
| Watch Tower | 1 | |
| Stronghold | 1 | |
| Fortress | 1 | |
| Spirit Lodge | 3 | |
| Tauren Totem | 2 | |
| Beastiary | 2 | |
17 total
» build order
00:07 Altar of Storms
00:24 Orc Burrow
00:33 War Mill
00:58 Voodoo Lounge
02:12 Watch Tower
03:18 Stronghold
03:39 Orc Burrow
06:19 Fortress
08:24 Orc Burrow
09:35 Spirit Lodge
09:40 Spirit Lodge
09:46 Spirit Lodge
10:31 Orc Burrow
11:30 Tauren Totem
13:15 Tauren Totem
15:05 Beastiary
» items
| Healing Salve | 1 | |
| Lesser Clarity Potion | 2 | |
| Scroll of Speed | 1 | |
| Dust of Appearance | 1 | |
| Circlet of Nobility | 1 | |
| Orb of Lightning | 1 | |
| Potion of Healing | 1 | |
| Potion of Mana | 1 | |
| Scroll of Town Portal | 1 | |
10 total
Chat log
(00:11 / All) RattBaztard: yo
(03:52 / All) RattBaztard: intgersting
(04:30 / All) brucewillisusa: hehe
(04:32 / All) brucewillisusa: its a cheat
(04:39 / All) RattBaztard: I see
(04:43 / All) brucewillisusa: i deleted my building with memory edit
(04:48 / All) brucewillisusa: so it was never actually killed
(05:16 / All) brucewillisusa: game goes on forever now
(05:16 / All) RattBaztard: so this is .... a game?
(05:20 / All) brucewillisusa: unless you kill your buildings
(05:49 / All) RattBaztard: ok, so we dont do battle?
(05:52 / All) brucewillisusa: nope
(06:05 / All) RattBaztard: hmmm wow thats fun
(06:31 / All) RattBaztard: what is the point?
(06:35 / All) brucewillisusa: i can see whole map now
(06:38 / All) brucewillisusa: because i have no buildings
(06:43 / All) brucewillisusa: ur guy is top of map
(06:49 / All) brucewillisusa: he has 6 items
(06:59 / All) RattBaztard: ok so then what?
(07:33 / All) RattBaztard: you just sit and watch me creep?
(07:36 / All) brucewillisusa: ya
(07:53 / All) brucewillisusa: Nikoro
(08:15 / All) RattBaztard: wow that must be fun!
(08:22 / All) brucewillisusa: well its same thing ur doing ^^
(08:42 / All) RattBaztard: really?
(08:56 / All) RattBaztard: same thing?
(08:59 / All) brucewillisusa: better heal him up
(09:51 / All) brucewillisusa: fuck
(09:57 / All) brucewillisusa: u any good with trig identities?
(10:13 / All) brucewillisusa: i have (sin^3 - 3cossin)/(cos^3-3cossin)
(10:46 / All) RattBaztard: discussion is over
(14:14 / All) RattBaztard: you really like this game?
(14:25 / All) brucewillisusa: ya
(14:46 / All) brucewillisusa: ill make u a deal
(14:50 / All) brucewillisusa: if u stay 40 minutes
(14:51 / All) brucewillisusa: ill leave
(15:05 / All) RattBaztard: very boring